 Dungeon Crawl Stone Soup version 0.24-a0-725-gf1a930fc54 (webtiles) character file.

Game seed: 16024849229987343088, levelgen mode: deterministic

60876 Kohma the Severer (level 15, -4/135 (136) HPs)
             Began as a Hill Orc Abyssal Knight on Oct 1, 2019.
             Was a High Priest of Lugonu.
             Slain by an orc warrior
             ... wielding a +0 halberd
             ... led by an orc warlord
              (23 damage)
             ... on level 2 of the Orcish Mines.
             The game lasted 01:17:26 (25178 turns).

Kohma the Severer (Hill Orc Abyssal Knight)        Turns: 25178, Time: 01:17:26

HP:   -4/135 (136)  AC: 27    Str: 22    XL:     15   Next: 1%
MP:   25/25         EV:  9    Int: 12    God:    Lugonu [*****.]
Gold: 1402          SH:  0    Dex: 10    Spells: 11/14 levels left

rFire    . . .     SeeInvis .   a - +4 battleaxe (chop)
rCold    + . .     Gourm    .   (shield currently unavailable)
rNeg     . . .     Faith    .   t - +3 chain mail of Reuceck {rC+}
rPois    .         Spirit   .   D - +0 helmet
rElec    .         Reflect  .   P - +2 cloak
rCorr    .         Harm     .   z - +1 pair of gloves
MR       ++...                  d - +0 pair of boots
Stlth    ..........             y - amulet of regeneration
HPRegen  0.72/turn              W - ring of protection from magic
MPRegen  0.19/turn              Z - +2 ring of protection

@: no status effects
A: no striking features
a: Depart the Abyss, Bend Space, Banish, Corrupt, Enter the Abyss, Renounce
Religion


You were on level 2 of the Orcish Mines.
You worshipped Lugonu.
Lugonu was extremely pleased with you.
You were not hungry.

You visited 4 branches of the dungeon, and saw 21 of its levels.
You visited the Abyss 1 time.

You collected 1793 gold pieces.
You spent 391 gold pieces at shops.

Inventory:

Hand Weapons
 a - a +4 battleaxe of chopping (weapon)
 b - a +2 war axe of flaming
 J - the +9 dagger of Seguf {freeze, rElec rPois Str+2}
   (You took it off an orc priest on level 7 of the Dungeon)

   It has been specially enchanted to freeze those struck by it, causing extra
   injury to most foes and up to half again as much damage against particularly
   susceptible opponents.
   It can also slow down cold-blooded creatures.
   It affects your strength (+2).
   It insulates you from electricity.
   It protects you from poison.
 X - a +3 broad axe
Missiles
 s - 4 curare-tipped darts
 L - 86 poisoned darts (quivered)
Armour
 d - a +0 pair of boots (worn)
 t - the +3 chain mail of Reuceck (worn) {rC+}
   (You took it off an orc priest on level 1 of the Orcish Mines)

   It protects you from cold.
 u - a scarf of resistance
 z - a +1 pair of gloves (worn)
 D - a +0 helmet (worn)
 P - a +2 cloak (worn)
Jewellery
 f - an uncursed ring of see invisible
 y - an amulet of regeneration (around neck)
 E - the ring of Heb Xuim {+Inv rElec rC+ rN++ Str-4}
   (You found it on level 4 of the Lair of Beasts)

   [ring of protection from cold]

   It affects your strength (-4).
   It protects you from cold.
   It insulates you from electricity.
   It greatly protects you from negative energy.
   It lets you turn invisible.
 S - an uncursed ring of protection from fire
 W - a ring of protection from magic (left hand)
 Z - a +2 ring of protection (right hand)
Wands
 e - a wand of polymorph (4)
 x - a wand of paralysis (7)
 B - a wand of disintegration (16)
 H - a wand of flame (30)
 K - a wand of enslavement (1)
 M - a wand of iceblast (28)
 O - a wand of digging (9)
Scrolls
 g - 7 scrolls of teleportation
 i - 3 scrolls of identify
 j - a scroll of holy word
 m - 3 scrolls of fog
 n - 2 scrolls of fear
 p - a scroll of amnesia
 r - 3 scrolls of enchant armour
 C - 2 scrolls of enchant weapon
 I - 3 scrolls of blinking
 Q - 5 scrolls of remove curse
Potions
 h - 3 potions of magic
 k - 7 potions of curing
 l - 4 potions of haste
 o - 3 potions of flight
 q - 3 potions of invisibility
 w - a potion of brilliance
 F - 4 potions of agility
 G - a potion of berserk rage
 N - 5 potions of heal wounds
 T - a potion of might
 Y - a potion of ambrosia
Comestibles
 c - 33 rations
 v - 5 chunks of flesh


   Skills:
 + Level 13.3 Fighting
 - Level 20.0 Axes
 + Level 13.8 Armour
 - Level 0.7 Dodging
 + Level 13.8 Invocations


You had 11 spell levels left.
You knew the following spells:

 Your Spells              Type           Power        Failure   Level  Hunger
a - Regeneration          Chrm/Necr      #.........   99%         3    ####...

Your spell library contained the following spells:

 Spells                   Type           Power        Failure   Level  Hunger
 Animate Skeleton         Necr           N/A          86%         1    ##.....
 Freeze                   Ice            #...         86%         1    ##.....
 Pain                     Necr           #...         86%         1    ##.....
 Poisonous Vapours        Pois/Air       #.....       94%         2    ###....
 Throw Frost              Conj/Ice       #.....       94%         2    ###....
 Conjure Flame            Conj/Fire      #.......     99%         3    ####...
 Mephitic Cloud           Conj/Pois/Air  #.......     99%         3    ####...
 Ozocubu's Armour         Chrm/Ice       #.......     99%         3    ####...
 Vampiric Draining        Necr           #.........   99%         3    ####...
 Animate Dead             Necr           N/A          100%        4    #####..
 Cause Fear               Hex            #.........   100%        4    #####..
 Summon Ice Beast         Ice/Summ       #.......     100%        4    #####..
 Throw Icicle             Conj/Ice       #.......     100%        4    #####..
 Silence                  Hex/Air        #.........   100%        5    ######.
 Yara's Violent Unravell  Hex/Tmut       #.........   100%        5    ######.
 Deflect Missiles         Chrm/Air       #.........   100%        6    #######
 Freezing Cloud           Conj/Ice/Air   #.........   100%        6    #######
 Ring of Flames           Chrm/Fire      #.........   100%        7    #######
 Discord                  Hex            #.........   100%        8    #######


Dungeon Overview and Level Annotations

Branches:
Dungeon (12/15)            Temple (1/1) D:5            Lair (6/6) D:10
 Shoals (0/4) Lair:3       Spider (0/4) Lair:4        Slime (0/5) Lair:6
    Orc (2/2) D:12
    Elf: Orc:2

Altars:
Ashenzari
Cheibriados
Dithmenos
Elyvilon
Fedhas
Gozag
Hepliaklqana
Kikubaaqudgha
Makhleb
Nemelex Xobeh
Okawaru
Qazlal
Ru
Sif Muna
Trog
Uskayaw
Vehumet
Wu Jian
Xom
Yredelemnul
Zin
The Shining One

Shops:
D:9 (

Annotations:
Lair:6 corrupted
Abyss:1 Joseph


Message History

The orc warrior closely misses you.
The orc warrior hits you from afar with a +0 halberd!
The orc warlord hits you from afar with a +0 bardiche!!
You slice the orc warrior!!
You kill the orc warrior!
Lugonu accepts your kill.
The orc warrior hits you from afar with a +0 halberd!!
The orc warlord hits you from afar with a +0 bardiche!!
* * * LOW HITPOINT WARNING * * *
You are too injured to fight recklessly!
You are too injured to fight recklessly!
You slice the orc warrior!!
You kill the orc warrior!
Lugonu accepts your kill.
The orc warrior hits you but does no damage.
The orc warlord hits you from afar with a +0 bardiche!
* * * LOW HITPOINT WARNING * * *
The orc barely misses you.
The orc warrior hits you from afar with a +0 halberd!!
You die...

..... ......#
..#....##
........# ###
......$.###.##
....#...##..$#
.........o#)##
#...[.oo@.#
.........oo)##
o.....#.#...#
.#.....###.##
###... ###
#.#.. ...#.
....##


You could see an orc warlord, an orc warrior and 3 orcs.

Vanquished Creatures
  An orc warlord (Orc:1)
  2 hydras
  4 catoblepae
  5 two-headed ogres
  An ogre mage (Orc:1)
  9 death yaks
  Urug (D:11)
  An orc high priest (Orc:1)
  A deep elf archer (Orc:1)
  Pikel (D:5)
  5 deep elf magi (Orc:1)
  An orc sorcerer (Orc:1)
  2 oklob plants (Lair:6)
  2 cyclopes
  6 elephants (Lair:5)
  4 black mambas
  Psyche (D:9)
  11 spiny frogs
  A gargoyle (D:12)
  8 komodo dragons
  3 rime drakes
  2 polar bears
  2 hornets (D:11)
  2 trolls (Orc:1)
  Prince Ribbit (D:8)
  15 blink frogs
  15 dream sheep
  7 hippogriffs
  Sigmund (D:3)
  A wraith (D:12)
  5 wyverns
  44 yaks
  2 basilisks
  Grum (D:8)
  A hungry ghost (D:9)
  2 wargs
  Edmund (D:5)
  Menkaure (D:7)
  3 soldier ants
  11 water moccasins
  3 porcupines
  3 ice beasts
  17 orc warriors
  3 black bears
  2 phantoms
  2 sky beasts
  A slave (D:5)
  A necrophage (D:7)
  9 ogres
  12 wolves
  5 centaurs
  11 crocodiles
  2 big kobolds (D:7)
  17 bullfrogs
  2 gnoll sergeants
  A water moccasin zombie (D:11)
  5 scorpions
  4 killer bees
  3 howler monkeys (D:8)
  15 wights
  2 crimson imps (D:8)
  A centaur zombie (D:11)
  A quasit (D:11)
  2 bullfrog zombies
  9 hounds
  4 jellies
  16 orc priests
  24 orc wizards
  A gnoll shaman (D:4)
  6 iguanas
  4 bullfrog skeletons
  12 worker ants
  2 hound zombies
  A worker ant zombie (D:9)
  2 howler monkey skeletons
  14 gnolls
  9 adders
  A shadow imp (D:8)
  3 oozes
  2 worms
  A dart slug (D:3)
  3 leopard geckos
  100 orcs
  3 giant cockroaches
  9 goblins
  6 hobgoblins
  10 jackals
  21 kobolds
  4 quokkas
  A ball python (D:3)
  7 bats
  5 frilled lizards
  2 giant cockroach zombies
  A leopard gecko skeleton (D:4)
  A quokka skeleton (D:6)
  A quokka zombie (D:6)
  8 rats
  7 fungi
  11 plants
622 creatures vanquished.

Vanquished Creatures (others)
  An orc warlord (Orc:1)
  A hydra (Lair:2)
  3 death yaks (Lair:6)
  A two-headed ogre (D:8)
  2 manticores (Lair:6)
  9 yaks (Lair:6)
  A wight (D:5)
  A rat (D:2)
  8 fungi
  11 plants
  7 starspawn tentacles (Lair:6)
45 creatures vanquished.

Grand Total: 667 creatures vanquished

Notes
Turn   | Place    | Note
-------+----------+-------------------------------------------
     0 | Abyss:1  | Kohma the Hill Orc Abyssal Knight began the quest for the
                  | Orb.
     0 | Abyss:1  | Reached XP level 1. HP: 19/19 MP: 2/2
    67 | Abyss:2  | Noticed a starcursed mass
    87 | D:1      | Escaped the Abyss
   131 | D:1      | Reached skill level 3 in Axes
   178 | D:1      | Reached XP level 2. HP: 27/27 MP: 4/4
   633 | D:2      | Reached XP level 3. HP: 30/33 MP: 5/5
   681 | D:2      | Reached * piety under Lugonu
   945 | D:2      | Reached skill level 4 in Axes
  1071 | D:2      | Reached XP level 4. HP: 33/40 MP: 6/6
  1731 | D:3      | Reached ** piety under Lugonu
  1932 | D:3      | Reached XP level 5. HP: 38/47 MP: 7/7
  2082 | D:3      | Reached skill level 5 in Axes
  2683 | D:3      | Reached XP level 6. HP: 53/53 MP: 9/9
  2838 | D:3      | Noticed Sigmund
  2876 | D:3      | Killed Sigmund
  2876 | D:3      | Reached skill level 5 in Fighting
  2876 | D:3      | Reached skill level 6 in Axes
  3649 | D:4      | Found a blossoming altar of Fedhas.
  3691 | D:4      | Reached XP level 7. HP: 30/61 MP: 10/10
  4103 | D:4      | Found an iron altar of Okawaru.
  4261 | D:5      | Entered Level 5 of the Dungeon
  4269 | D:5      | Noticed Edmund
  4672 | D:5      | Reached *** piety under Lugonu
  4673 | D:5      | Killed Edmund
  4673 | D:5      | Reached skill level 7 in Axes
  4673 | D:5      | Reached skill level 5 in Invocations
  5153 | D:5      | Learned a level 3 spell: Regeneration
  5154 | D:5      | Found a staircase to the Ecumenical Temple.
  5204 | Temple   | Entered the Ecumenical Temple
  5488 | D:5      | Found a hide-covered altar of Uskayaw.
  5522 | D:5      | Reached XP level 8. HP: 60/70 MP: 12/12
  5786 | D:6      | Reached skill level 8 in Axes
  5786 | D:6      | Reached skill level 5 in Armour
  5809 | D:5      | HP: 3/70 [wight/+2 great sword of protection (6)]
  6572 | D:6      | Noticed Pikel
  6660 | D:5      | Killed Pikel
  6660 | D:5      | Reached skill level 9 in Axes
  6660 | D:5      | Reached XP level 9. HP: 55/79 MP: 12/14
  6929 | D:6      | Reached skill level 10 in Axes
  7263 | D:7      | Noticed Menkaure
  7559 | D:7      | Noticed Joseph
  7573 | D:7      | Banished Joseph
  8086 | D:7      | Reached skill level 11 in Axes
  8120 | D:7      | Identified the +9 dagger of Seguf {freeze, rElec rPois
                  | Str+2}
  8128 | D:7      | Killed Menkaure
  8303 | D:7      | Noticed a komodo dragon
  8312 | D:7      | HP: 4/80 [komodo dragon (8)]
  8658 | D:7      | Killed a komodo dragon
  8658 | D:7      | Reached XP level 10. HP: 31/87 MP: 16/16
  9088 | D:7      | Found a shimmering altar of Xom.
  9092 | D:7      | Found a bloodstained altar of Trog.
  9092 | D:7      | Found a glowing golden altar of the Shining One.
  9858 | D:8      | Noticed a two-headed ogre
  9872 | D:8      | Killed a two-headed ogre
  9872 | D:8      | Reached skill level 12 in Axes
 10254 | D:8      | Noticed Grum
 10421 | D:8      | Noticed a two-headed ogre
 10434 | D:8      | Reached **** piety under Lugonu
 10441 | D:8      | Banished a two-headed ogre
 10769 | D:8      | Noticed Prince Ribbit
 10782 | D:8      | Killed Prince Ribbit
 10925 | D:8      | Reached skill level 13 in Axes
 11148 | D:8      | Found a glowing silver altar of Zin.
 11305 | D:9      | Reached XP level 11. HP: 95/96 MP: 18/18
 11483 | D:9      | Noticed Psyche
 11492 | D:9      | Killed Psyche
 11492 | D:9      | Reached skill level 10 in Invocations
 11603 | D:9      | You fall into a shaft and drop 2 floors!
 11715 | D:11     | Noticed a cyclops
 11728 | D:11     | Killed a cyclops
 11728 | D:11     | Reached ***** piety under Lugonu
 11900 | D:11     | Paralysed by a hornet for 2 turns
 11925 | D:10     | Entered Level 10 of the Dungeon
 11969 | D:11     | Reached skill level 10 in Fighting
 11971 | D:11     | Reached skill level 14 in Axes
 12377 | D:9      | Found Epoy's Antique Weapon Boutique.
 12385 | D:9      | Bought a twisted battleaxe for 391 gold pieces
 12826 | D:8      | Killed Grum
 13061 | D:10     | Identified the cursed +1 battleaxe of Myuf {freeze, *Contam
                  | Int+8 Dex+8} (You bought it in a shop on level 9 of the
                  | Dungeon)
 13439 | D:10     | Found a staircase to the Lair.
 13575 | D:10     | Reached skill level 15 in Axes
 14059 | D:11     | Found a blossoming altar of Fedhas.
 14159 | D:11     | Reached skill level 10 in Armour
 14169 | D:11     | Paralysed by a hornet for 3 turns
 14523 | D:11     | Noticed Urug
 14533 | D:11     | Killed Urug
 14533 | D:11     | Reached XP level 12. HP: 48/105 MP: 19/19
 14943 | D:12     | Reached ****** piety under Lugonu
 14991 | D:12     | Reached skill level 16 in Axes
 15108 | D:12     | Found a glowing golden altar of the Shining One.
 15667 | D:12     | Found a staircase to the Orcish Mines.
 16170 | Lair:1   | Entered Level 1 of the Lair of Beasts
 16608 | Lair:1   | Reached skill level 17 in Axes
 17578 | Lair:2   | Noticed a catoblepas
 17604 | Lair:2   | Killed a catoblepas
 17766 | Lair:2   | Reached skill level 18 in Axes
 18052 | Lair:2   | Reached XP level 13. HP: 97/112 MP: 20/20
 18459 | Lair:3   | Reached skill level 19 in Axes
 18472 | Lair:3   | Found a staircase to the Shoals.
 19858 | Lair:4   | Got a steaming wooden ring
 19875 | Lair:4   | Identified the ring of Heb Xuim {+Inv rElec rC+ rN++ Str-4}
                  | (You found it on level 4 of the Lair of Beasts)
 20101 | Lair:4   | Found a hole to the Spider Nest.
 20216 | Lair:4   | Reached skill level 20 in Axes
 21256 | Lair:5   | Reached XP level 14. HP: 113/123 MP: 22/22
 21636 | Lair:6   | Entered Level 6 of the Lair of Beasts
 22118 | Lair:6   | Found a staircase to the Slime Pits.
 22835 | Lair:6   | Corrupted Lair:6
 22835 | Lair:6   | Noticed a tentacled starspawn
 22836 | Lair:6   | Noticed a tentacled starspawn
 22845 | Lair:6   | Noticed a bone dragon
 23840 | Orc:1    | Entered Level 1 of the Orcish Mines
 23897 | Orc:2    | Entered Level 2 of the Orcish Mines
 23939 | Orc:2    | Noticed an orc warlord
 24405 | Orc:1    | Noticed an orc warlord
 24405 | Orc:1    | Noticed an orc warlord
 24489 | Orc:1    | Banished an orc warlord
 24741 | Orc:1    | Killed an orc warlord
 24777 | Orc:1    | Identified the +3 chain mail of Reuceck {rC+}
 25170 | Orc:2    | Reached XP level 15. HP: 135/135 MP: 25/25
 25178 | Orc:2    | Slain by an orc warrior

Levels and vault maps discovered:
D:1:      minmay_arrival_checkered_box, layout_rooms, minmay_misc_feat_alley,
          nrook_mini_vaults, minmay_pentomino_o2
D:2:      layout_rooms, first_ration
D:3:      layout_loops_ring, uniq_sigmund
D:4:      layout_cave_pools, kennysheep_mini, hex_medium, fedhas_altar_1
D:5:      layout_rooms, eat_drink_and_be_merry_uskayaw,
          minmay_temple_entry_statues_fountains, minmay_lizard_king, uniq_edmund
D:6:      layout_cave_pools, serial_bayou_pond_d, uniq_pikel
D:7:      layout_loops_ring, gammafunk_temple_overflow_forgotten,
          minmay_misc_feat_tiny, uniq_joseph, uniq_menkaure
D:8:      layout_loops_ring, nicolae_overflow_hidden_temple,
          uniq_prince_ribbit1, uniq_grum
D:9:      layout_loops_ring, serial_shops, shop, uniq_psyche
D:10:     layout_long_grid, lair_entry_dummy
D:11:     layout_roguey, basic_altar, hangedman_pestilent_swarm, uniq_urug
D:12:     layout_rooms, hiddenorc2_lemuel, basic_altar
Temple:   nicolae_temple_elliptical
Lair:1:   layout_chaotic_city, serial_bayou_shore_b, serial_bayou_shore_a
Lair:2:   layout_regular_city, minmay_shattered_shrine
Lair:3:   layout_layer_cave, elwin_shoals_entry_rocks, serial_bayou_shore_b
Lair:4:   layout_loops_ring, dummy_spider_entry
Lair:5:   layout_regular_city
Lair:6:   evilmike_catoblepas_cave, layout_loops_ring,
          minmay_slime_entry_oklob_open, serial_bayou_shore_b
Orc:1:    layout_caves, elf_legates
Orc:2:    st_orc_town, layout_caves, serial_shops, shop

Skill      XL: |  1  2  3  4  5  6  7  8  9 10 11 12 13 14 |
---------------+-------------------------------------------+-----
Axes           | 3 4 5 6 7 9 11 13 15 18 20 | 20.0
Fighting       | 4 5 7 8 9 10 11 13 | 13.3
Invocations    | 3 4 5 6 8 9 10 11 13 | 13.8
Armour         | 3 4 6 7 8 10 11 12 13 | 13.8
Dodging        | |  0.7

Action                   |  1- 3 |  4- 6 |  7- 9 | 10-12 | 13-15 || total
-------------------------+-------+-------+-------+-------+-------++-------
Melee: Hand axe          |    81 |   193 |   282 |       |       ||   556
       Unarmed           |       |       |    11 |       |       ||    11
       Halberd           |       |       |    81 |    87 |       ||   168
       War axe           |       |       |       |    59 |    13 ||    72
       Battleaxe         |       |       |       |   588 |   682 ||  1270
 Fire: Hunting sling     |       |       |     4 |       |       ||     4
Throw: Stone             |       |    13 |       |       |       ||    13
       Dart              |       |     5 |     4 |    19 |    15 ||    43
Invok: Depart the Abyss  |     1 |       |       |       |       ||     1
       Bend Space        |       |     1 |     1 |       |     2 ||     4
       Banish            |       |       |     2 |     2 |     9 ||    13
       Corrupt           |       |       |       |       |     1 ||     1
  Use: Scroll            |       |       |    12 |    15 |     7 ||    34
  Eat: Chunk             |     1 |     7 |     7 |    29 |    20 ||    64
       Ration            |       |       |     3 |     1 |     2 ||     6
Armor: Leather armour    |    12 |       |       |       |       ||    12
       Ring mail         |    28 |    40 |       |       |       ||    68
       Scale mail        |       |     8 |    46 |       |       ||    54
       Skin              |       |       |     3 |       |       ||     3
       Chain mail        |       |       |   156 |    54 |    21 ||   231
       Plate armour      |       |       |       |   477 |   445 ||   922
Dodge: Dodged            |    64 |    73 |   151 |   259 |   197 ||   744

Table legend:
 A = Non-vault XP
 B = Vault XP
 C = Vault XP percentage of total XP
 D = Non-vault monster count
 E = Vault monster count
 F = Vault count percentage of total count
                 A         B        C        D         E       F
            +---------+---------+-------+---------+---------+-------
      Total |   64187 |   22780 |  26.2 |     514 |      94 |  15.5
            +---------+---------+-------+---------+---------+-------
        D:1 |      16 |       7 |  30.4 |      12 |       1 |   7.7
        D:2 |     104 |       0 |   0.0 |      29 |       0 |   0.0
        D:3 |     199 |     223 |  52.8 |      35 |       1 |   2.8
        D:4 |     192 |       0 |   0.0 |      12 |       0 |   0.0
        D:5 |     532 |     870 |  62.1 |      12 |       9 |  42.9
        D:6 |     777 |       0 |   0.0 |      20 |       0 |   0.0
        D:7 |    1779 |     509 |  22.2 |      35 |       2 |   5.4
        D:8 |    3159 |     927 |  22.7 |      39 |       6 |  13.3
        D:9 |    1607 |     448 |  21.8 |      30 |       1 |   3.2
       D:10 |    2450 |       0 |   0.0 |      30 |       0 |   0.0
       D:11 |    3700 |    1439 |  28.0 |      39 |       5 |  11.4
       D:12 |    3195 |     249 |   7.2 |      39 |      32 |  45.1
     Lair:1 |    2393 |       0 |   0.0 |      12 |       0 |   0.0
     Lair:2 |    5483 |    3811 |  41.0 |      22 |      13 |  37.1
     Lair:3 |    3598 |       0 |   0.0 |      12 |       0 |   0.0
     Lair:4 |   10959 |       0 |   0.0 |      29 |       0 |   0.0
     Lair:5 |    7489 |       0 |   0.0 |      27 |       0 |   0.0
     Lair:6 |    8204 |    6964 |  45.9 |      35 |      11 |  23.9
      Orc:1 |    7174 |    7172 |  50.0 |      31 |      12 |  27.9
      Orc:2 |    1177 |     161 |  12.0 |      14 |       1 |   6.7
            +---------+---------+-------+---------+---------+-------
